 Dungeon Crawl Stone Soup version 0.24.1-11-gbbbb2193e6 (webtiles) character file.

Game seed: 9977243902812117086, levelgen mode: deterministic

20 Peloso the Skirmisher (level 2, -2/24 HPs)
             Began as a Demonspawn Fighter on May 15, 2020.
             Slain by an orc
             ... wielding a +0 dagger
              (3 damage)
             ... on level 3 of the Dungeon.
             The game lasted 00:01:53 (747 turns).

Peloso the Skirmisher (Demonspawn Fighter)           Turns: 747, Time: 00:01:54

Health: -2/24      AC:  6    Str: 16    XL:     2   Next: 58%
Magic:  2/2        EV:  6    Int:  9    God:
Gold:   39         SH:  9    Dex: 12    Spells: 1/1 levels left

rFire    . . .     SeeInvis .   a - +0 long sword
rCold    . . .     Gourm    .   c - +1 shield
rNeg     . . .     Faith    .   b - +0 scale mail
rPois    .         Spirit   .   (no helmet)
rElec    .         Reflect  .   (no cloak)
rCorr    .         Harm     .   (no gloves)
MR       .....                  (no boots)
Stlth    ..........             (no amulet)
HPRegen  0.08/turn              n - ring of attention (curse)
MPRegen  0.08/turn              (no ring)

@: no status effects
A: hooves 1, blurry vision 1, powered by pain 1, MP-powered wands
a: no special abilities


You were on level 3 of the Dungeon.
You were not hungry.

You visited 1 branch of the dungeon, and saw 3 of its levels.

You collected 39 gold pieces.

Inventory:

Hand Weapons
 a - a +0 long sword (weapon)
Armour
 b - a +0 scale mail (worn)
 c - a +1 shield (worn)
Jewellery
 n - a cursed ring of attention (left hand)
Scrolls
 e - a scroll of blinking
Potions
 d - a potion of might
Comestibles
 f - 2 rations


   Skills:
 + Level 3.3 Fighting
 + Level 1.8 Long Blades
 + Level 3.0 Armour
 + Level 2.9 Shields


You had one spell level left.
You didn't know any spells.
Your spell library was empty.

Dungeon Overview and Level Annotations

Branches:
Dungeon (3/15)

Altars:
The Shining One


Innate Abilities, Weirdness & Mutations

You sometimes gain a little power by taking damage.
You have large cloven feet.
Scrolls take you a little longer to read.
You expend magic power (3 MP) to strengthen your wands.


Message History

You slash the orc!
You kill the orc!
You block the giant cockroach's attack. The kobold hits you but does no damage.
The orc closely misses you.
The giant cockroach bites you but does no damage.
The orc hits you with a +0 flail!
* * * LOW HITPOINT WARNING * * *
The kobold barely misses you.
You riposte.
You closely miss the kobold. Your kick misses the kobold.
The giant cockroach bites you but does no damage.
You block the orc's attack. You block the kobold's attack.
You block the orc's attack.
The giant cockroach bites you but does no damage.
The orc barely misses you. The kobold hits you but does no damage.
You block the orc's attack.
The giant cockroach bites you but does no damage.
The orc hits you but does no damage. The kobold hits you but does no damage.
You block the giant cockroach's attack. The orc hits you with a +0 dagger.
You die...

#<...#
######(##.## .
#........(.#..
#.....(.......
#.....(..(##..
#.........#...
#.............
#....s<....###
#...oK@...##
#...ooo...#
......######
...... .....#
..... .....
....


You could see 4 orcs, a giant cockroach and a kobold.

Vanquished Creatures
  A worm (D:2)
  A dart slug (D:1)
  A leopard gecko (D:2)
  An orc (D:3)
  2 hobgoblins (D:1)
  A bat (D:2)
  3 frilled lizards
  3 kobolds
  2 rats
15 creatures vanquished.

Notes
Turn   | Place    | Note
-------+----------+-------------------------------------------
     0 | D:1      | Peloso the Demonspawn Fighter began the quest for the Orb.
     0 | D:1      | Reached XP level 1. HP: 18/18 MP: 1/1
   155 | D:1      | Found a glowing golden altar of the Shining One.
   243 | D:1      | Gained mutation: You sometimes gain a little power by
                  | taking damage. [demonic ancestry]
   243 | D:1      | Reached XP level 2. HP: 23/24 MP: 2/2
   481 | D:2      | Gained mutation: You expend magic power (3 MP) to
                  | strengthen your wands. [potion of mutation]
   481 | D:2      | Gained mutation: Scrolls take you a little longer to read.
                  | [potion of mutation]
   481 | D:2      | Gained mutation: You have large cloven feet. [potion of
                  | mutation]
   743 | D:3      | HP: 1/24 [orc/+0 flail (7)]
   747 | D:3      | Slain by an orc

Levels and vault maps discovered:
D:1:      lightli_arrival_maybe_door_vault, layout_rooms, tso_metal_star
D:2:      layout_basic
D:3:      layout_rooms, nicolae_overflow_hidden_temple

Skill      XL: |  1  2 |
---------------+-------+-----
Armour         | 3 |  3.0
Fighting       | |  3.3
Long Blades    | |  1.8
Shields        | |  2.9

Action                   || total
-------------------------++-------
Melee: Long sword        ||    47
       Kick              ||     1
  Use: Scroll            ||     4
       Potion            ||     4
Armor: Scale mail        ||    50
Dodge: Dodged            ||    37
Block: Shield            ||    59
       Rpst.: Long sword ||    12
